 Dungeon Crawl Stone Soup version 0.30-a0-632-g346586fe48 (webtiles) character file.

Game seed: 15992644024808090126

279 kae the Changer (level 6, -3/43 HPs)
             Began as a Demonspawn Transmuter on Jan 13, 2023.
             Succumbed to a scorpion's poison
             ... on level 4 of the Dungeon.
             The game lasted 00:06:01 (3602 turns).

kae the Changer (Demonspawn Transmuter)             Turns: 3602, Time: 00:06:01

Health: -3/43      AC:  2    Str: 10    XL:     6   Next: 5%
Magic:  6/10       EV: 12    Int: 17    God:
Gold:   1403       SH:  0    Dex: 13    Spells: 5/11 levels left

rFire   . . .      SeeInvis .      - Unarmed
rCold   . . .      Faith    .    (no shield)
rNeg    . . .      Spirit   .    a - +0 robe
rPois   .          Reflect  .    (no helmet)
rElec   .          Harm     .    (no cloak)
rCorr   .          Rampage  .    (no gloves)
Will    .....                    (no boots)
Stlth   +                        (no amulet)
HPRegen 0.27/turn                (no ring)
MPRegen 0.24/turn                (no ring)

@: mighty, lethally poisoned (-3 -> -24)
A: hooves 2, magic regeneration
a: no special abilities


You were on level 4 of the Dungeon.
You visited 1 branch of the dungeon, and saw 4 of its levels.

You collected 1403 gold pieces.


Innate Abilities, Weirdness & Mutations

You have hoof-like feet.
You regenerate magic rapidly.


   Skills:
 - Level 1.0 Fighting
 - Level 1.7 Dodging
 + Level 3.7 Unarmed Combat
 + Level 3.2 Spellcasting
 * Level 4.1 Transmutations
 - Level 1.6 Poison Magic


You had 5 spell levels left.
You knew the following spells:

 Your Spells              Type           Power      Damage    Failure   Level
a - Beastly Appendage     Tmut           32%        N/A       3%          1
b - Wereblood             Tmut           16%        N/A       4%          2
c - Spider Form           Tmut/Pois      12%        N/A       16%         3

Your spell library contained the following spells:

 Spells                   Type           Power      Damage    Failure   Level
 Apportation              Tloc           4%         N/A       17%         1
 Necrotise                Necr           8%         1d4       17%         1
 Summon Small Mammal      Summ           8%         N/A       17%         1
 Poisonous Vapours        Pois/Air       10%        N/A       19%         2
 Cigotuvi's Dreadful Rot  Necr/Pois/Air  8%         N/A       22%         2
 Mephitic Cloud           Conj/Pois/Air  4%         N/A       38%         3
 Vhi's Electric Charge    Tloc/Air       4%         N/A       45%         3
 Ice Form                 Ice/Tmut       9%         N/A       58%         4
 Arcjolt                  Conj/Air       1%         1d11      99%         5
 Maxwell's Capacitive Co  Air            1%         ∞         100%        8

Inventory:

Missiles
 d - 6 boomerangs
 h - 23 stones
 j - 7 poisoned darts
Armour
 a - a +0 robe (worn)
Scrolls
 f - 2 scrolls of amnesia
Potions
 b - a potion of lignification {!q}
 c - a potion of flight
 e - 2 potions of might
 g - 2 potions of degeneration {unknown}
 i - a potion of heal wounds {unknown}
 k - a potion of attraction {unknown}
 l - 2 potions of curing {unknown}

Dungeon Overview and Level Annotations

Branches:
Dungeon (4/15) Zot: 20407
 Temple: D:4-7

Altars:

#.##.# ....# #.##.# ##
...# #.##.# #. ...###
#.##.# #. .... #.##.#
#. ...######.##.####.
#......^.......##.
#)#####........##.
####.#@#####.####.#.)..
#....s.)............##.
#.##.#.#####.####...##.
#.#.# #.# #...... # #.#
#.# ##..### #.# #.#
#..# #.# #.# #..# #.#
#.# #..# #. #..


You could see a scorpion (very poisoned).


Message History

MASSIVE DAMAGE!! (PAUSE)
You lost 1 mp, and now have 5/9 mp.
You barely miss the orc. You claw the orc, but do no damage.
The orc priest invokes the aid of Beogh against you.
Beogh smites you!
* * * LOW HITPOINT WARNING * * *
The orc barely misses you. 😨 HP[-9] MP[+1]
You take 9 damage, and now have 14/37 hp.
MASSIVE DAMAGE!! (PAUSE)
Casting: Beastly Appendage (safe; 3% risk of failure)
Confirm with . or Enter, or press ? or * to list all spells.
The spell is quite dangerous to miscast (17% risk of failure)!
Continue anyway? [Y]es or [N]o only, please.
The spell is quite dangerous to miscast (17% risk of failure)!
Continue anyway?
Your horns disappear.
Your talons disappear.
You turn into a venomous arachnid creature.
Your +0 robe melds into your body.
You hiss as the wereblood boils in your veins!
The orc closely misses you. 😨 MP[-3]
You lost 3 mp, and now have 3/9 mp.
You hit the orc but do no damage.
Your primal bloodlust is almost over.
A scorpion comes into view.
The orc barely misses you.
You hit the orc.
You feel a bit better.
You kill the orc!
You hiss as the wereblood boils in your veins!
The orc priest miscasts a cantrip. 😨 HP[+1]
The scorpion misses you. The orc priest completely misses you.
The scorpion completely misses you.
Things that are here:
a +0 flail; a +0 ring mail; 14 gold pieces 😨 HP[+1]
You bite the orc priest! The scorpion misses you.
The orc priest looks braver for a moment. 😨 MP[+1]
You bite the orc priest! The scorpion closely misses you.
The orc priest barely misses you.
Unknown command.
You barely miss the orc priest.
Your transformation is almost over.
The scorpion closely misses you.
You hit the orc priest.
You feel a bit better.
You kill the orc priest!
The scorpion closely misses you.
Your Transmutations skill increases to level 4! 😮 HP[+3]
You regained 3 hp, and now have 19/37 hp.
You hit the orc priest.
You hiss as the wereblood boils in your veins!
Your primal bloodlust has ended.
The scorpion completely misses you. The orc priest closely misses you.
You hit the orc priest. The scorpion barely misses you.
The orc priest barely misses you. 😮 MP[+1]
You hit the orc priest.
The orc priest is poisoned.
The scorpion stings you.
* * * LOW HITPOINT WARNING * * *
The orc priest closely misses you.
The scorpion completely misses you. 😨 HP[-6]
You take 6 damage, and now have 13/37 hp.
You barely miss the orc priest. The orc priest closely misses you.
The scorpion stings you.
* * * LOW HITPOINT WARNING * * *
😱 HP[-4]
You take 4 damage, and now have 9/37 hp.
Unknown command.
You hit the orc priest but do no damage.
The orc priest looks even sicker.
The orc priest closely misses you.
The scorpion barely misses you. 😨 HP[+1] Unknown command.
You hit the orc priest.
The orc priest looks as sick as possible!
You kill the orc priest!
The scorpion stings you.
* * * LOW HITPOINT WARNING * * *
You have reached level 6!
Your demonic ancestry asserts itself...
Your feet thicken and deform. 😱 HP[-2]
You now have 43 max hp (+6).
You hit the scorpion. The scorpion stings you.
* * * LOW HITPOINT WARNING * * *
You are lethally poisoned!
The scorpion poisons you! 😱 HP[-1] MP[+1]
You take 1 damage, and now have 7/43 hp.
You hit the scorpion but do no damage.
The scorpion is poisoned.
* * * LOW HITPOINT WARNING * * *
You feel very sick.
The scorpion closely misses you. 😱 HP[-5]
You take 5 damage, and now have 2/43 hp.
It was a potion of might.
You feel very mighty all of a sudden.
Your transformation has ended.
Your +0 robe unmelds from your body.
You die...

Skill      XL: |  1  2  3  4  5 |
---------------+----------------+-----
Transmutations | 2 3 4 |  4.1
Unarmed Combat | 3 |  3.7
Poison Magic   | 1 |  1.6
Spellcasting   | 3 |  3.2
Fighting       | |  1.0
Dodging        | |  1.7

Action                   |  1- 3 |  4- 6 || total
-------------------------+-------+-------++-------
Melee: Unarmed           |   123 |    95 ||   218
       Kick              |    33 |     8 ||    41
       Headbutt          |    12 |     3 ||    15
       Punch             |     1 |       ||     1
 Cast: Beastly Appendage |    29 |    13 ||    42
       Spider Form       |     1 |     8 ||     9
       Wereblood         |       |     1 ||     1
  Use: Scroll            |     4 |     2 ||     6
       Potion            |       |     1 ||     1
Armor: Robe              |    18 |     8 ||    26
       Skin              |       |     3 ||     3
Dodge: Dodged            |    74 |    71 ||   145

Levels and vault maps discovered:
D:1:      dpeg_arrival_rooms_c, layout_basic
D:2:      layout_basic, minmay_increasing_density
D:3:      wad_river_or_something, layout_basic
D:4:      layout_loops_ring, uniq_menkaure

Notes
Turn   | Place    | Note
-------+----------+-------------------------------------------
     0 | D:1      | kae the Demonspawn Transmuter began the quest for the Orb.
     0 | D:1      | Reached XP level 1. HP: 15/15 MP: 3/3
     0 | D:1      | magus.rc [v1.11.3]
    61 | D:1      | Reached skill level 2 in Transmutations
   128 | D:1      | Lost mutation: You have razor-sharp toenails. [demonic
                  | ancestry]
   128 | D:1      | Lost mutation: You have sharp toenails. [demonic ancestry]
   128 | D:1      | Gained mutation: You have large cloven feet. [demonic
                  | ancestry]
   128 | D:1      | Reached XP level 2. HP: 19/21 MP: 3/5
   195 | D:1      | You pick up a book of Vapours and begin reading...
   195 | D:1      | You add the spells Poisonous Vapours, Cigotuvi's Dreadful
                  | Rot and Mephitic Cloud to your library.
   613 | D:1      | Learned a level 2 spell: Wereblood
   779 | D:2      | Reached skill level 3 in Unarmed Combat
   852 | D:2      | HP: 3/21 [worm (3)]
   976 | D:2      | Reached XP level 3. HP: 26/26 MP: 4/6
   988 | D:2      | Learned a level 3 spell: Spider Form
  1178 | D:2      | You pick up a book of Cantrips and begin reading...
  1178 | D:2      | You add the spells Necrotise, Summon Small Mammal and
                  | Apportation to your library.
  1849 | D:2      | Identified a scroll of acquirement
  1849 | D:2      | Acquired 1174 gold pieces
  2085 | D:3      | Reached XP level 4. HP: 12/32 MP: 7/7
  2286 | D:3      | Reached skill level 3 in Transmutations
  2286 | D:3      | Reached skill level 1 in Poison Magic
  2289 | D:3      | HP: 8/32 [poisoned by an adder]
  2510 | D:3      | You add the spells Vhi's Electric Charge, Arcjolt and
                  | Maxwell's Capacitive Coupling to your library.
  3441 | D:4      | Gained mutation: You regenerate magic rapidly. [demonic
                  | ancestry]
  3441 | D:4      | Reached XP level 5. HP: 22/37 MP: 2/9
  3580 | D:4      | Reached skill level 3 in Spellcasting
  3594 | D:4      | Reached skill level 4 in Transmutations
  3597 | D:4      | HP: 9/37 [scorpion (4)]
  3600 | D:4      | Gained mutation: You have hoof-like feet. [demonic
                  | ancestry]
  3600 | D:4      | Reached XP level 6. HP: 8/43 MP: 5/10
  3601 | D:4      | HP: 2/43 [poisoned by a scorpion]
  3602 | D:4      | Succumbed to a scorpion's poison

Vanquished Creatures
  4 orc priests (D:4)
  2 orc wizards
  3 adders
  2 worms
  2 dart slugs
  5 orcs
  6 endoplasms
  3 giant cockroaches
  5 goblins
  4 hobgoblins
  5 jackals
  3 quokkas
  6 ball pythons
  4 bats
  3 frilled lizards
  11 kobolds
  3 rats
71 creatures vanquished.

Table legend:
 A = Non-vault XP
 B = Vault XP
 C = Vault XP percentage of total XP
 D = Non-vault monster count
 E = Vault monster count
 F = Vault count percentage of total count
                 A         B        C        D         E       F
            +---------+---------+-------+---------+---------+-------
      Total |     308 |      91 |  22.8 |      51 |      20 |  28.2
            +---------+---------+-------+---------+---------+-------
        D:1 |      28 |       0 |   0.0 |      16 |       0 |   0.0
        D:2 |      25 |      33 |  56.9 |      13 |      11 |  45.8
        D:3 |      42 |      58 |  58.0 |      13 |       9 |  40.9
        D:4 |     213 |       0 |   0.0 |       9 |       0 |   0.0
            +---------+---------+-------+---------+---------+-------

Illustrated notes

Table legend:
 A = Kills in this place as a percentage of kills in entire the game.
 B = Kills by you in this place as a percentage of kills by you in the entire game.
 C = Kills by friends in this place as a percentage of kills by friends in the entire game.
 D = Other kills in this place as a percentage of other kills in the entire game.
 E = Experience gained in this place as a percentage of experience gained in the entire game.
 F = Experience gained in this place divided by the number of levels of this place that you have seen.
                   A       B       C       D       E      F
               +-------+-------+-------+-------+-------+----------------------
         Total | 100.0 | 100.0 |   N/A |   N/A | 100.0 |  99.8
       Dungeon | 100.0 | 100.0 |   N/A |   N/A | 100.0 |  99.8
               +-------+-------+-------+-------+-------+----------------------

Table legend: (Time is in decaauts)
 A = Elapsed time spent in this place.
 B = Non-inter-level travel time spent in this place.
 C = Inter-level travel time spent in this place.
 D = Time resting spent in this place.
 E = Time spent auto-exploring this place.
 F = Levels seen in this place.
 G = Mean time per level.
                   A        B        C        D        E       F      G
               +--------+--------+--------+--------+--------+-----+--------+
         Total |   3592 |   3466 |    126 |     12 |   2866 |   4 |  898.0 |
       Dungeon |   3592 |   3466 |    126 |     12 |   2866 |   4 |  898.0 |
               +--------+--------+--------+--------+--------+-----+--------+

Top non-repeatable levels by time:
     D:3: 1478 daAuts
     D:2: 1136 daAuts
     D:1: 771 daAuts
     D:4: 206 daAuts
